woodfighter, chaotic female orcish Cavewoman ------ ----- |....| |...| |.``.----.`.| |..`........| |..--->---..| |---------.--- |..^^^<|.%...| |(.----|`....| --^| |..%..| |.-----.....| |.....u@....| |..---------- ---- woodfighter the Young Cave Woman Experience level: 6 Strength: 18/03 Dexterity: 14 Constitution: 18 Intelligence: 7 Wisdom: 6 Charisma: 12 Health: 0(43) Energy: 17(17) Def: 5 Gold: 1047 Moves: 3440 Dungeon seed: z0qn6Nn6d-a8Y1l9 Game ID: woodfighter_1477216995 Your Inventory: Coins $ - 1047 gold pieces Weapons a - a +1 club (weapon in hand) b - a +2 sling (alternate weapon; not wielded) J - a cursed -1 orcish spear Armor n - an uncursed +0 dwarvish cloak q - an uncursed +0 mummy wrapping r - an uncursed +1 pair of speed boots (being worn) s - an uncursed +0 leather armor (being worn) F - an uncursed +0 dwarvish iron helm N - a blessed +0 cloak of displacement (being worn) Y - an uncursed +0 dwarvish cloak Comestibles d - 2 uncursed lichen corpses h - an uncursed sprig of wolfsbane p - 7 uncursed food rations v - an uncursed eucalyptus leaf E - an uncursed orange G - 2 uncursed carrots P - an uncursed mango Z - an uncursed lizard corpse Scrolls j - 2 uncursed scrolls of enchant weapon w - an uncursed scroll of scare monster C - an uncursed scroll of light H - an uncursed scroll of identify O - an uncursed scroll of charging S - 2 uncursed scrolls of earth Spellbooks l - an uncursed spellbook of detect food Potions z - an uncursed potion of invisibility D - an uncursed potion of extra healing I - an uncursed potion of restore ability K - a cursed potion of blindness Rings k - an uncursed ring of polymorph control R - an uncursed ring of fire resistance Wands g - a wand of slow monster (0:8) m - a wand of enlightenment (0:13) L - a wand of opening (0:4) Q - a wand of polymorph (0:7) Tools f - a cursed magic lamp y - an uncursed skeleton key Gems e - 7 uncursed flints (in quiver) Spells and supernatural/magical abilities: Name Level Category Fail Memory W - pray for help -- divine ? -- Your skills at the end: Miscellaneous Skills bare handed combat [Basic] Weapon Skills scimitar [Basic] club [Basic] sling [Basic] Spellcasting Skills Final Attributes: You were piously aligned. You were poison resistant. You had infravision. You were displaced. You were somewhat stealthy. You were very fast. You are dead. Vanquished creatures: 2 large dogs a tengu a lizard a dwarf mummy a shrieker a gnomish wizard a kobold mummy a golden naga hatchling 2 floating eyes 2 dwarves a kobold shaman 4 iguanas 2 hill orcs 4 rothes 2 jitterbugs 2 giant bats 6 coyotes an acid blob 2 large kobolds 2 geckos a giant rat 3 cave spiders 3 brown molds a yellow mold 13 garter snakes a gnome zombie 4 jackals a kobold 5 newts 2 sewer rats 3 grid bugs 4 bats 6 lichens 86 creatures vanquished. Voluntary challenges: You did not adorn yourself with jewelry or accessories. You did not cause conflict. You were not invisible. You did not have reflection. You had been an atheist until turn 2010. You used a wielded weapon 128 times, starting on turn 95. You did not use tools. You did not use sinks. You read items or engraved 2 times, starting on turn 2242. You never genocided any monsters. You never polymorphed an object. You never changed form. You used no wishes. You never split a pudding. You never wrote Elbereth's name. You never violated your personal moral code. Dungeon overview: The Dungeons of Doom: levels 1 to 10 Level 1 a long staircase Level 2 stairs to The Gnomish Mines Level 3 Level 4 Level 5 a potion shop, an altar to Anshar Level 6 Level 7 Level 8 Level 9 stairs to Sokoban Level 10 The Gnomish Mines: Level 3 stairs to The Dungeons of Doom Sokoban: Level 8 <- You were here a magic chest stairs to The Dungeons of Doom History has recorded: On T:1 you entered the Dungeons of Doom to retrieve the Amulet of Yendor! On T:480 you reached level 2 of The Dungeons of Doom. On T:513 you advanced to experience level 2. On T:519 you reached level 3 of The Dungeons of Doom. On T:628 you reached level 1 of The Gnomish Mines. On T:630 you advanced to experience level 3. On T:1053 you reached level 4 of The Dungeons of Doom. On T:1180 you advanced to experience level 4. On T:1604 you reached level 5 of The Dungeons of Doom. On T:1826 you advanced to experience level 5. On T:2100 you reached level 6 of The Dungeons of Doom. On T:2300 you reached level 7 of The Dungeons of Doom. On T:2567 you reached level 8 of The Dungeons of Doom. On T:2839 you advanced to experience level 6. On T:3046 you reached level 9 of The Dungeons of Doom. On T:3256 you reached level 10 of The Dungeons of Doom. On T:3280 you prayed to Anshar. On T:3344 you reached level 4 of Sokoban. Score breakdown: Gold: 1047 ( 104 points) Experience: 6 levels ( 500 points) Exploration: 10 levels ( 270 points) Discoveries: 23 items ( 1150 points) Variety of kills: 33 monsters ( 1650 points) Major goal: (nothing yet) ( 0 points) Survival: died (score multiplied by 3) Total score: 11022 Latest messages: The boulder fills a pit. You hit the iguana! You kill the iguana! You see here an iguana corpse. With great effort you move the boulder. The boulder fills a pit. R - a topaz ring. S - a labeled READ ME. (2x) You see here a food ration. With great effort you move the boulder. The boulder fills a pit. You feel tough! You must be leading a healthy life-style. You kill the gecko! You see here a food ration. p - an uncursed food ration. You see here an iguana corpse. You hit the gray unicorn! The gray unicorn butts! The gray unicorn kicks! The gray unicorn butts! The gray unicorn kicks! You hit the gray unicorn! The gray unicorn butts! The gray unicorn kicks! The gray unicorn butts! You die... Final status: Goodbye woodfighter the Cavewoman, killed by a gray unicorn... You died in Sokoban on dungeon level 8 with 11022 points, and 1047 pieces of gold, after 3440 moves. You were level 6 with a maximum of 43 hit points when you died.